 Dungeon Crawl Stone Soup version 0.30.1-4-g462c640d31 (webtiles) character file.

Game seed: 16445161851324423635

17346 wingedge the Geomancer (level 11, -4/92 HPs)
             Began as a Demigod Earth Elementalist on Aug 18, 2023.
             Slain by a cane toad (6 damage)
             ... while petrified by a basilisk
             ... on level 2 of the Lair of Beasts.
             The game lasted 00:42:59 (16172 turns).

wingedge the Geomancer (DgEE)                      Turns: 16172, Time: 00:43:00

Health: -4/92      AC:  7    Str:  9    XL:     11   Next: 90%
Magic:  15/24      EV:  2    Int: 32    God:
Gold:   807        SH:  0    Dex: 19    Spells: 9/22 levels left

rFire   + . .        a - +2 broad axe (flame)
rCold   + . .        C - +0 buckler
rNeg    + + +        y - +2 leather armour {rC+}
rPois   ∞            t - +2 helmet
rElec   .            u - scarf {repulsion}
rCorr   .            K - +0 pair of gloves
SInv    .            r - +0 pair of boots
Will    +....        (no amulet)
Stlth   ++           T - ring of poison resistance
HPRegen 0.35/turn    V - ring "Locy" {*Corrode rF+ Int+3 Dex+5}
MPRegen 0.19/turn

%: corrode self (3%), repel missiles
@: petrified, corroded
A: high MP 1, forlorn, divine attributes
a: no special abilities


You were on level 2 of the Lair of Beasts.
You visited 2 branches of the dungeon, and saw 12 of its levels.
You also visited: Ossuary.

You collected 982 gold pieces.
You spent 175 gold pieces at shops.

Inventory:

Hand Weapons
 a - a +2 broad axe of flaming (weapon)
Missiles
 f - 15 poisoned darts
 P - 2 curare-tipped darts
Armour
 r - a +0 pair of boots (worn)
 t - a +2 helmet (worn)
 u - a scarf of repulsion (worn)
 y - a +2 leather armour of cold resistance (worn)
 C - a +0 buckler (worn)
 K - a +0 pair of gloves (worn)
Magical Staves
 h - a staff of cold
 L - a staff of fire
Jewellery
 g - a +4 ring of slaying
 s - a ring of see invisible
 E - a ring of magical power
 O - a ring of protection from fire
 T - a ring of poison resistance (left hand)
 V - the ring "Locy" (right hand) {*Corrode rF+ Int+3 Dex+5}
   (You found it on level 1 of the Lair of Beasts)

   [ring of protection from fire]

   Int:       It affects your intelligence (+3).
   Dex:       It affects your dexterity (+5).
   rF:        It protects you from fire.
   *Corrode:  It may corrode you when you take damage.
Wands
 D - a wand of paralysis (15)
 I - a wand of roots (18)
 S - a wand of mindburst (11)
Scrolls
 d - 3 scrolls of fog
 e - a scroll of magic mapping
 j - 3 scrolls of enchant weapon
 m - 2 scrolls of enchant armour
 o - a scroll of immolation
 p - 4 scrolls of teleportation
 v - a scroll of poison
 x - a scroll of vulnerability {unknown}
 G - 2 scrolls of amnesia
 H - 2 scrolls of fear
 M - a scroll of summoning
 U - 2 scrolls of identify
Potions
 c - 3 potions of magic
 i - 7 potions of brilliance
 k - 4 potions of heal wounds
 l - 3 potions of cancellation
 n - a potion of haste
 q - 7 potions of curing
 w - 2 potions of ambrosia
 z - 2 potions of berserk rage
 A - 3 potions of mutation
 F - a potion of flight
 J - 4 potions of might
Miscellaneous
 b - a box of beasts (quivered)
 Q - a phial of floods


   Skills:
 - Level 7.0 Fighting
 + Level 4.0 Axes
 - Level 4.0 Armour
 - Level 4.0 Dodging
 - Level 3.0 Stealth
 - Level 4.0 Shields
 + Level 6.3 Spellcasting
 + Level 6.9 Conjurations
 + Level 6.9 Hexes
 - Level 1.0 Transmutations
 + Level 1.9 Air Magic
 + Level 9.2 Earth Magic


You had 9 spell levels left.
You knew the following spells:

 Your Spells              Type           Power      Damage    Failure   Level
a - Sandblast             Erth           100%       2d20      1%          1
b - Stone Arrow           Conj/Erth      100%       3d13      1%          3
c - Lee's Rapid Deconstr  Erth           31%        3d16*     5%          5
d - Fulminant Prism       Conj/Hex       26%        3d14      4%          4

Your spell library contained the following spells:

 Spells                   Type           Power      Damage    Failure   Level
 Magic Dart               Conj           100%       1d8       1%          1
 Passwall                 Tmut/Erth      35%        N/A       1%          2
 Mephitic Cloud           Conj/Pois/Air  29%        N/A       8%          3
 Apportation              Tloc           20%        N/A       9%          1
 Necrotise                Necr           40%        1d6       9%          1
 Summon Small Mammal      Summ           40%        N/A       9%          1
 Petrify                  Tmut/Erth      42%        N/A       11%         4
 Call Imp                 Summ           20%        N/A       13%         2
 Vhi's Electric Charge    Tloc/Air       32%        N/A       19%         3
 Iskenderun's Mystic Bla  Conj/Tloc      32%        2d8       22%         4
 Volatile Blastmotes      Fire/Tloc      20%        2d11      26%         3
 Arcjolt                  Conj/Air       19%        1d29      36%         5
 Alistair's Intoxication  Tmut/Pois      8%         N/A       89%         5
 Plasma Beam              Fire/Air       8%         2x1d20    100%        6


Dungeon Overview and Level Annotations

Branches:
Dungeon (10/15)            Temple (0/1) D:7            Lair (2/5) D:10
Ossuary (visited)
  Swamp: Lair:2-3    Shoals: Lair:2-3     Snake: Lair:2-3    Spider: Lair:2-3
    Orc: D:9-12

Shops:
D:2 (   D:3 *   D:7 (

Annotations:
D:9 2 runed translucent doors, exclusion: orange crystal statue


Innate Abilities, Weirdness & Mutations

You have an increased reservoir of magic. (+10% MP)
You shall have no god before yourself.
Your divine heritage dramatically boosts your attributes as you level up.


Message History

The wolf bites you! The cane toad stings you!
The wolf bites you but does no damage. The wolf bites you but does no damage.
The wolf bites you!
The cane toad stings you but does no damage.
The wolf bites you! The wolf bites you. The wolf bites you but does no damage.
The cane toad stings you but does no damage.
The wolf bites you. x2
A catoblepas comes into view.
The cane toad stings you!! The wolf bites you but does no damage.
The wolf bites you. The wolf bites you but does no damage.
The cane toad stings you! The wolf bites you.
The wolf bites you but does no damage. The wolf bites you.
The cane toad stings you! The basilisk bites you! The wolf bites you.
The wolf completely misses you.
The cane toad stings you but does no damage.
The wolf bites you but does no damage. The wolf bites you.
The basilisk gazes at you.
You easily resist.
The wolf bites you. x2; The cane toad stings you!
The wolf bites you. The basilisk bites you!
* * * LOW HITPOINT WARNING * * *
Your corrosive artefact corrodes you!
The wolf bites you.
* * * LOW HITPOINT WARNING * * *
The cane toad stings you but does no damage.
The wolf bites you!
* * * LOW HITPOINT WARNING * * *
The wolf bites you. The basilisk bites you!
* * * LOW HITPOINT WARNING * * *
The wolf barely misses you. The cane toad stings you!
* * * LOW HITPOINT WARNING * * *
The wolf bites you!
* * * LOW HITPOINT WARNING * * *
The wolf bites you.
* * * LOW HITPOINT WARNING * * *
The wolf bites you.
* * * LOW HITPOINT WARNING * * *
The cane toad stings you!
You die...

.# .## ... ..
.... # ##
##.##....
###.#.##..#.....
P...............
................
......l@h.#....#
#..P#.#Fh..# P
#..h...P...#
...............
...............
...............
P..............
#...#......#..#
..............#


You could see a cane toad, a basilisk and 3 wolves.

Vanquished Creatures
  The ghost of shmup the Cleaver, a journeyman HOFE of Qazlal (D:10)
  2 two-headed ogres (D:10)
  Pikel (D:7)
  A manticore (D:10)
  Joseph (Lair:1)
  Maurice (D:8)
  A black mamba (Lair:1)
  Maggie (D:8)
  A komodo dragon (Lair:1)
  4 cane toads
  An unseen horror (D:10)
  A kobold demonologist (D:9)
  4 trolls
  5 blink frogs (Lair:1)
  3 hornets
  2 shadows
  2 wyverns
  13 yaks
  Grum (D:8)
  A steam dragon (D:7)
  A vampire mosquito (D:10)
  Edmund (D:4)
  3 wargs (D:10)
  2 water moccasins (D:6)
  An acid dragon (D:10)
  Duvessa (D:7)
  3 sky beasts
  6 orc warriors
  2 ogres
  A black bear (D:6)
  8 ice beasts
  A lemure (D:7)
  7 wolves
  5 centaurs
  4 phantoms
  2 kobold brigands (D:9)
  4 bullfrogs
  3 scorpions (D:6)
  5 wights
  Dowan (D:7)
  2 howler monkeys (D:7)
  4 jellies
  4 orc priests
  4 gnoll boudas
  4 hounds
  4 sleepcaps
  12 orc wizards
  4 hell rats (Lair:1)
  13 mummies
  17 gnolls
  3 adders
  A shadow imp (D:8)
  4 white imps (D:6)
  An ufetubus (D:4)
  A worm (D:2)
  2 dart slugs (D:2)
  44 orcs
  5 ball pythons
  6 bats
  5 endoplasms
  4 giant cockroaches
  6 goblins
  5 hobgoblins
  5 quokkas
  3 frilled lizards
  2 gnoll skeletons (Ossuary)
  3 goblin skeletons (Ossuary)
  8 kobolds
  A kobold skeleton (Ossuary)
  2 orc skeletons (Ossuary)
  6 rats
  11 rat skeletons (Ossuary)
304 creatures vanquished.

Vanquished Creatures (others)
  An angel (D:5)
  13 fulminant prisms
14 creatures vanquished.

Grand Total: 318 creatures vanquished

Notes
Turn   | Place    | Note
-------+----------+-------------------------------------------
     0 | D:1      | wingedge the Demigod Earth Elementalist began the quest for
                  | the Orb.
     0 | D:1      | Reached XP level 1. HP: 14/14 MP: 5/5
   134 | D:1      | Reached skill level 1 in Transmutations
   262 | D:1      | Reached XP level 2. HP: 20/20 MP: 5/7
  1097 | D:2      | Reached skill level 1 in Conjurations
  1100 | D:2      | Reached skill level 3 in Earth Magic
  1399 | D:2      | Found Liri's Weapon Emporium.
  1413 | D:2      | Reached XP level 3. HP: 27/27 MP: 5/8
  1470 | D:2      | Learned a level 3 spell: Stone Arrow
  1521 | D:2      | Reached skill level 1 in Fighting
  1945 | D:3      | Found Ahiwohah's General Store.
  1956 | D:3      | Bought a potion of brilliance for 40 gold pieces
  1956 | D:3      | Bought a scroll of blinking for 75 gold pieces
  1956 | D:3      | Bought a scroll of identify for 20 gold pieces
  2773 | D:4      | Reached XP level 4. HP: 35/35 MP: 4/10
  3241 | D:4      | Reached XP level 5. HP: 41/41 MP: 3/11
  3419 | D:4      | Noticed an ogre
  3506 | D:4      | Noticed Edmund
  3514 | D:4      | Killed Edmund
  3689 | D:4      | Killed an ogre
  3690 | D:4      | Reached skill level 4 in Earth Magic
  3690 | D:4      | Reached XP level 6. HP: 50/50 MP: 2/13
  4268 | D:5      | Entered Level 5 of the Dungeon
  4895 | D:5      | Noticed an angel
  4954 | D:5      | Reached skill level 1 in Armour
  4954 | D:5      | Reached skill level 1 in Shields
  4954 | D:5      | Reached XP level 7. HP: 57/57 MP: 11/15
  5187 | D:5      | Killed an angel
  5393 | D:3      | Bought a scroll of amnesia for 40 gold pieces
  5874 | D:6      | Reached XP level 8. HP: 60/64 MP: 12/17
  5891 | D:6      | Found a sand-covered staircase.
  5916 | Ossuary  | Entered an ossuary
  6115 | Ossuary  | Learned a level 5 spell: Lee's Rapid Deconstruction
  6869 | D:6      | Reached skill level 5 in Earth Magic
  7241 | D:6      | Reached XP level 9. HP: 70/72 MP: 3/19
  7366 | D:6      | Learned a level 4 spell: Fulminant Prism
  7690 | D:6      | Reached skill level 1 in Hexes
  7725 | D:6      | Reached skill level 5 in Fighting
  7725 | D:6      | Reached skill level 5 in Conjurations
  7738 | D:6      | Reached skill level 5 in Spellcasting
  7940 | D:6      | Reached skill level 6 in Earth Magic
  9076 | D:7      | Found Gishoidgh's Antique Weapon Shoppe.
  9177 | D:7      | Noticed Duvessa
  9177 | D:7      | Noticed Dowan
  9213 | D:7      | Killed Dowan
  9223 | D:7      | Killed Duvessa
  9437 | D:7      | Noticed Pikel
  9460 | D:7      | Killed Pikel
  9627 | D:7      | Reached XP level 10. HP: 83/83 MP: 22/22
  9668 | D:7      | Found a staircase to the Ecumenical Temple.
 10533 | D:8      | Noticed Grum
 10675 | D:8      | Killed Grum
 11236 | D:8      | Noticed Maurice
 11242 | D:8      | Killed Maurice
 11371 | D:8      | Noticed Maggie
 11381 | D:8      | Killed Maggie
 11382 | D:8      | Reached skill level 7 in Earth Magic
 11790 | D:8      | Reached skill level 1 in Axes
 12035 | D:9      | Noticed a +0 dagger
 12035 | D:9      | Noticed a +0 short sword
 12035 | D:9      | Noticed a +0 spear
 12035 | D:9      | Noticed a +0 falchion
 12036 | D:9      | Noticed a +0 dagger
 12036 | D:9      | Noticed a +0 falchion
 12036 | D:9      | Noticed a +0 spear
 12036 | D:9      | Noticed a +0 short sword
 12463 | D:9      | Found a runed translucent door.
 12470 | D:9      | Found the +10 tower shield of Ignorance {rN+ Int-4}
 12476 | D:9      | Found a runed translucent door.
 12477 | D:9      | Noticed an orange crystal statue
 13253 | D:10     | Entered Level 10 of the Dungeon
 13272 | D:10     | Noticed a two-headed ogre
 13279 | D:10     | Killed a two-headed ogre
 13280 | D:10     | Reached XP level 11. HP: 75/91 MP: 21/24
 13404 | D:10     | Reached skill level 5 in Hexes
 13525 | D:10     | Found a staircase to the Lair.
 13604 | D:10     | Noticed a two-headed ogre
 13608 | D:10     | Killed a two-headed ogre
 13618 | D:10     | Reached skill level 8 in Earth Magic
 14114 | D:10     | Found a runed translucent door.
 14115 | D:10     | Noticed shmup's ghost (journeyman HOFE)
 14147 | D:10     | Killed shmup's ghost
 14664 | Lair:1   | Entered Level 1 of the Lair of Beasts
 14915 | Lair:1   | Identified the ring "Locy" {*Corrode rF+ Int+3 Dex+5}
 15017 | Lair:1   | Reached skill level 9 in Earth Magic
 15392 | Lair:1   | Noticed Joseph
 15402 | Lair:1   | Killed Joseph
 15530 | Lair:1   | Reached skill level 1 in Air Magic
 16166 | Lair:2   | Noticed a catoblepas
 16172 | Lair:2   | HP: 4/92 [wolf (2)]
 16172 | Lair:2   | Slain by a cane toad

Illustrated notes

Levels and vault maps discovered:
D:1:      saegor_arrival_simple_e, layout_basic
D:2:      layout_basic, serial_shops, shop
D:3:      layout_basic, mainiacjoe_overflow_paths, tso_oasis_becter,
          serial_shops, shop, guppyfry_early_lair_pool
D:4:      layout_loops_ring, fiery_altar_vehumet, minivault_25, uniq_edmund
D:5:      layout_basic, okawaru_metal_pillars_1_2,
          grunt_temple_overflow_order_and_chaos_1, hangedman_decor_lopped
D:6:      kennysheep_spiral_hall, layout_basic,
          mainiacjoe_overflow_small_starburst, gup_ossuary_entry_pyramid,
          minmay_alternating_orb
D:7:      layout_loops_corners, mainiacjoe_overflow_tiny_flanked,
          jmf_multi_god_temple, mainiacjoe_overflow_cross_hatched,
          minmay_temple_entry_waves, serial_shops, shop,
          minmay_increasing_density, uniq_pikel, uniq_duvessa
D:8:      minmay_chambers_of_fours, layout_loops_ring, uniq_maurice,
          uniq_maggie, uniq_grum
D:9:      layout_small_grid, nicolae_uskayaw_en_pointe,
          mainiacjoe_overflow_catwalk, special_room [special_room_orc],
          chequers_guarded_unrand_ignorance
D:10:     cheibrodos_barr_body, layout_basic, erik_lair_orcish_takeover,
          ebering_ghost_reflecting_pool
Lair:1:   layout_regular_city, uniq_joseph
Lair:2:   layout_gridlike, elwin_shoals_entry_rooms,
          nicolae_spider_entry_tight_spaces, lemuel_old_faithful, uniq_harold

Skill      XL: |  1  2  3  4  5  6  7  8  9 10 11 |
---------------+----------------------------------+-----
Transmutations | 1 |  1.0
Stealth        | 2 3 |  3.0
Dodging        | 2 3 4 |  4.0
Spellcasting   | 2 3 4 5 6 |  6.3
Conjurations   | 1 2 3 4 5 6 |  6.9
Earth Magic    | 3 4 5 6 7 9 |  9.2
Fighting       | 1 2 3 4 5 6 7 |  7.0
Armour         | 1 2 4 |  4.0
Shields        | 1 2 3 4 |  4.0
Hexes          | 3 4 6 |  6.9
Axes           | 2 4 |  4.0
Air Magic      | 1 |  1.9

Action                     |  1- 3 |  4- 6 |  7- 9 | 10-12 || total
---------------------------+-------+-------+-------+-------++-------
  Melee: Dagger            |       |     6 |       |       ||     6
         Flail             |       |     1 |    31 |    11 ||    43
         Broad axe         |       |       |       |   116 ||   116
  Throw: Dart              |       |     2 |       |       ||     2
   Cast: Sandblast         |    75 |    27 |       |       ||   102
         Stone Arrow       |       |    33 |   169 |   200 ||   402
         Lee's Rapid Decon |       |       |     1 |    13 ||    14
         Fulminant Prism   |       |       |       |    13 ||    13
  Evoke: Wand              |       |       |     5 |       ||     5
    Use: Scroll            |     5 |     4 |    10 |     4 ||    23
 Armour: Robe              |     8 |     9 |    22 |       ||    39
         Steam dragon scal |       |       |       |    71 ||    71
         Leather armour    |       |       |       |    30 ||    30
  Dodge: Dodged            |    10 |    26 |    51 |   121 ||   208
  Block: Buckler           |       |     1 |    12 |    62 ||    75
